 Dungeon Crawl Stone Soup version 0.28-a0-1190-g77e1c55843 (webtiles) character file.

Game seed: 6094571840214654519

179 funkygono the Firebug (level 5, -2/28 HPs)
             Began as a Deep Elf Fire Elementalist on Dec 14, 2021.
             Slain by Duvessa (11 damage)
             ... on level 4 of the Dungeon on Dec 18, 2021.
             The game lasted 00:05:50 (3770 turns).

funkygono the Firebug (Deep Elf Fire Elementalist)  Turns: 3770, Time: 00:05:50

Health: -2/28      AC:  3    Str:  5    XL:     5   Next: 32%
Magic:  8/14       EV: 13    Int: 22    God:
Gold:   134        SH:  0    Dex: 15    Spells: 3/13 levels left

rFire   . . .      SeeInvis .   c - +0 dagger
rCold   . . .      Faith    .   (no shield)
rNeg    . . .      Spirit   .   a - +0 robe
rPois   .          Reflect  .   (no helmet)
rElec   .          Harm     .   (no cloak)
rCorr   .          Rampage  .   (no gloves)
Will    .....                   f - +0 pair of boots
Stlth   ++........              (no amulet)
HPRegen 0.09/turn               (no ring)
MPRegen 0.14/turn               (no ring)

@: no status effects
A: no striking features
a: no special abilities


You were on level 4 of the Dungeon.
You visited 1 branch of the dungeon, and saw 4 of its levels.

You collected 134 gold pieces.

Inventory:

Hand Weapons
 c - a +0 dagger (weapon)
Missiles
 h - 84 stones
Armour
 a - a +0 robe (worn)
 b - a +2 kite shield
 f - a +0 pair of boots (worn)
Magical Staves
 i - a staff of death
Scrolls
 e - a scroll of fear
 k - a scroll of teleportation
Potions
 d - a potion of heal wounds
 g - 2 potions of curing
 j - a potion of lignification
 l - a potion of resistance {unknown}
 m - a potion of flight {unknown}


   Skills:
 + Level 2.7 Dodging
 - Level 2.4 Stealth
 * Level 4.7 Spellcasting
 * Level 2.1 Conjurations
 * Level 5.4 Fire Magic


You had 3 spell levels left.
You knew the following spells:

 Your Spells              Type           Power      Damage    Failure   Level
a - Foxfire               Conj/Fire      84%        2x1d8     2%          1
b - Scorch                Fire           56%        2d7       1%          2
c - Conjure Flame         Conj/Fire      21%        6-21      7%          3
d - Flame Wave            Conj/Fire      21%        2d6       22%         4

Your spell library contained the following spells:

 Spells                   Type           Power      Damage    Failure   Level
 Sandblast                Erth           10%        2d5       11%         1
 Sting                    Tmut/Pois      20%        1d4       11%         1
 Inner Flame              Hex/Fire       17%        N/A       11%         3
 Passwall                 Tmut/Erth      4%         N/A       16%         2
 Poisonous Vapours        Pois/Air       10%        N/A       16%         2
 Stone Arrow              Conj/Erth      20%        3d8       21%         3
 Olgreb's Toxic Radiance  Pois           5%         N/A       71%         4


Dungeon Overview and Level Annotations

Branches:
Dungeon (4/15)
 Temple: D:4-7

Altars:
Uskayaw

Shops:
D:1 ?

Annotations:
D:4 Duvessa


Message History

Confirm with . or Enter, or press ? or * to list all spells.
Flames lash Duvessa.
Duvessa resists.
Duvessa is lightly wounded.
Duvessa's fire resistance burns away.
Duvessa hits you with a +2 vampiric short sword.
Duvessa draws strength from your wounds!
Duvessa is no longer more vulnerable to fire.
There is a stone staircase leading up here.
Duvessa closely misses you.
You climb upwards.
There is a stone staircase leading down here.
You start resting.
HP restored.
There is a stone staircase leading down here.
You start resting.
Magic restored.
You climb downwards.
Level annotation: Duvessa Duvessa misses you.
Duvessa hits you with a +2 vampiric short sword!
There is a stone staircase leading up, spattered with blood here.
Casting: Scorch (safe; 1% risk of failure)
Confirm with . or Enter, or press ? or * to list all spells.
Flames lash Duvessa.
Duvessa resists.
Duvessa is lightly wounded.
Duvessa's fire resistance burns away.
Duvessa hits you with a +2 vampiric short sword!
Duvessa draws strength from your wounds!
Casting: Scorch (safe; 1% risk of failure)
Confirm with . or Enter, or press ? or * to list all spells.
Flames lash Duvessa.
Duvessa is lightly wounded.
Duvessa hits you with a +2 vampiric short sword.
Duvessa draws strength from your wounds!
Unknown command.
Casting: Scorch (safe; 1% risk of failure)
Confirm with . or Enter, or press ? or * to list all spells.
Flames lash Duvessa but do no damage.
Duvessa hits you with a +2 vampiric short sword!
You die...

#.........#.#....#.#......#
##.#.######.######.#......#
.. #...............#......#
..#
#######.#########......# .
#.###............####
#.............###...#
#.######......######)..##
.......'.....>.........'.
#+######@.....#......(.##
#.e....#........#
#......#........#
########..>...### #......#
#......# #......# ########


You could see Duvessa (combustible).

Vanquished Creatures
  A hound (D:4)
  An iguana (D:4)
  A hound skeleton (D:4)
  3 adders
  A worm (D:3)
  3 dart slugs
  An orc (D:4)
  3 ball pythons
  7 bats
  6 endoplasms
  3 giant cockroaches
  7 goblins
  7 hobgoblins
  6 jackals (D:2)
  3 quokkas
  4 frilled lizards
  8 kobolds
  6 rats
71 creatures vanquished.

Vanquished Creatures (others)
  254 foxfires
254 creatures vanquished.

Grand Total: 325 creatures vanquished

Notes
Turn   | Place    | Note
-------+----------+-------------------------------------------
     0 | D:1      | funkygono the Deep Elf Fire Elementalist began the quest
                  | for the Orb.
     0 | D:1      | Reached XP level 1. HP: 10/10 MP: 6/6
     1 | D:1      | Upgraded the game from 0.28-a0-1152-g9c71ebef14 to
                  | 0.28-a0-1190-g77e1c55843
   184 | D:1      | Found a faded altar of an unknown god.
   194 | D:1      | Reached XP level 2. HP: 15/15 MP: 1/8
   350 | D:1      | Found Vumeot Biviy's Magic Scroll Shop.
   977 | D:2      | Learned a level 2 spell: Scorch
  1066 | D:2      | Reached XP level 3. HP: 16/19 MP: 7/10
  1070 | D:2      | Learned a level 3 spell: Conjure Flame
  1146 | D:2      | Reached skill level 4 in Fire Magic
  2411 | D:3      | Reached XP level 4. HP: 24/24 MP: 9/12
  2627 | D:3      | Found a hide-covered altar of Uskayaw.
  3340 | D:3      | Learned a level 4 spell: Flame Wave
  3365 | D:4      | Reached skill level 5 in Fire Magic
  3404 | D:4      | Found Osuxkeh's Weapon Shoppe.
  3421 | D:4      | Reached XP level 5. HP: 28/28 MP: 8/13
  3649 | D:4      | Noticed Duvessa
  3770 | D:4      | Slain by Duvessa

Illustrated notes

Levels and vault maps discovered:
D:1:      minmay_arrival_split_and_join, layout_rooms,
          shapermc_ecumenical_altar_starsandcircs, serial_shops, shop,
          lemuel_old_faithful
D:2:      layout_basic, grunt_decor_clamped
D:3:      layout_basic, lemuel_round_altar, hangedman_decor_slide_cut
D:4:      layout_basic, serial_shops,
          nicolae_shop_temple_entry_statues_fountains,
          nicolae_inconvenience_store, nicolae_shop_bloodbath_and_beyond,
          uniq_duvessa

Skill      XL: |  1  2  3  4 |
---------------+-------------+-----
Fire Magic     | 4 5 |  5.4
Spellcasting   | 4 |  4.7
Conjurations   | 2 |  2.1
Dodging        | |  2.7
Stealth        | |  2.4

Action                   |  1- 3 |  4- 6 || total
-------------------------+-------+-------++-------
Melee: Dagger            |     1 |     2 ||     3
 Cast: Foxfire           |   100 |    52 ||   152
       Scorch            |     7 |    11 ||    18
  Use: Scroll            |     6 |       ||     6
Armor: Robe              |     1 |     1 ||     2
Dodge: Dodged            |     6 |     7 ||    13

Table legend: (Time is in decaauts)
 A = Elapsed time spent in this place.
 B = Non-inter-level travel time spent in this place.
 C = Inter-level travel time spent in this place.
 D = Time resting spent in this place.
 E = Time spent auto-exploring this place.
 F = Levels seen in this place.
 G = Mean time per level.
                   A        B        C        D        E       F      G
               +--------+--------+--------+--------+--------+-----+--------+
         Total |   3771 |   3661 |    110 |     93 |   3069 |   4 |  942.8 |
       Dungeon |   3771 |   3661 |    110 |     93 |   3069 |   4 |  942.8 |
               +--------+--------+--------+--------+--------+-----+--------+

Top non-repeatable levels by time:
     D:2: 1391 daAuts
     D:3: 1078 daAuts
     D:1: 974 daAuts
     D:4: 327 daAuts
